 Dungeon Crawl Stone Soup version 0.31-a0-626-g8143ab4f1d (webtiles) character file.

Game seed: 532633158429718840

180 javelincjr the Changeling (level 5, -1/49 HPs)
             Began as a Troll Shapeshifter on Aug 24, 2023.
             Succumbed to Edmund's poison
             ... on level 4 of the Dungeon.
             The game lasted 00:05:03 (2405 turns).

javelincjr the Changeling (Troll Shapeshifter)      Turns: 2405, Time: 00:05:04

Health: -1/49      AC:  4    Str: 24 (25) XL:     5   Next: 33%
Magic:  4/4        EV:  9    Int:  3 (4)  God:
Gold:   170        SH:  0    Dex:  7 (10) Spells: 4/4 levels left

rFire   . .          .
                       - Unarmed
rCold   . . .        (no shield)
rNeg    . . .        a - +0 animal skin
rPois   .            (helmet currently unavailable)
rElec   .            (cloak currently unavailable)
rCorr   .            (gloves unavailable)
SInv    .            (boots unavailable)
Will    +....        (no amulet)
Stlth   +            (no ring)
HPRegen 1.08/turn    (no ring)
MPRegen 0.09/turn

%: no passive effects
@: lethally poisoned (-1 -> -10), beast-form, enlightened, flying
A: beast (slay +2), large, unfitting armour, claws 3, regeneration 1, shaggy fur
1, tough skin 1
a: Begin Untransformation


You were on level 4 of the Dungeon.
You were a hulking beast.
You visited 1 branch of the dungeon, and saw 4 of its levels.

You collected 170 gold pieces.

Inventory:

Missiles
 i - 7 poisoned darts
Armour
 a - a +0 animal skin (worn)
Talismans
 c - a beast talisman (active)
 d - a flux talisman
Scrolls
 f - a scroll of teleportation {unknown}
 g - 2 scrolls of amnesia {unknown}
 h - 2 scrolls of identify {unknown}
 k - a scroll of enchant armour {unknown}
 n - a scroll of vulnerability {unknown}
 q - a scroll of fear {unknown}
 r - a scroll of fog {unknown}
Potions
 b - 2 potions of lignification
 l - a potion of attraction {unknown}
 m - 2 potions of curing {unknown}
 o - a potion of heal wounds {unknown}
 p - a potion of mutation {unknown}


   Skills:
 + Level 2.0 Fighting
 + Level 2.4 Dodging
 + Level 3.8 Unarmed Combat
 * Level 4.2 Shapeshifting


You had 4 spell levels left.
You didn't know any spells.
Your spell library was empty.

Dungeon Overview and Level Annotations

Branches:
Dungeon (4/15)
 Temple: D:4-7

Altars:

Annotations:
D:4 Edmund


Innate Abilities, Weirdness & Mutations

You are a hulking beast.
Your limbs bulge with bestial killing power. (Slay +2)
You are too large for most types of armour.
You have claws for hands.
Your natural rate of healing is unusually fast.
You are covered in fur. (AC +1)
You have tough skin. (AC +1)


Message History

The orc unwields a +0 sling.
The orc wields a +0 dagger.
The orc hits you with a +0 dagger.
You claw the orc!
You kill the orc!
The orc barely misses you.
Edmund hits you with a +2 flail of venom!
You are poisoned.
You feel very sick. The orc attacks as it pursues you!
The orc closely misses you.
You feel very sick. Edmund attacks as he pursues you!
Edmund closely misses you.
You feel sick.
You feel sick. Edmund attacks as he pursues you!
Edmund hits you with a +2 flail of venom.
You are more poisoned.
You feel very sick.
You scratch Edmund.
Edmund is lightly wounded.
You feel sick.
Edmund hits you with a +2 flail of venom!
* * * LOW HITPOINT WARNING * * *
You scratch Edmund.
Edmund is lightly wounded.
You feel sick. Edmund barely misses you.
You scratch Edmund.
Edmund is moderately wounded.
You feel sick.
Edmund hits you with a +2 flail of venom.
* * * LOW HITPOINT WARNING * * *
It was a potion of enlightenment.
You feel very buoyant.
You fly up into the air.
You feel sick.
Edmund says, "I'm quite good with sums, too."
Edmund hits you with a +2 flail of venom.
* * * LOW HITPOINT WARNING * * *
You are lethally poisoned!
It was a potion of degeneration.
There was something very wrong with that liquid.
You feel weakened.
You feel dopey.
You feel clumsy.
You die...

#.##.$....##...
...............
...............
......)...##.#
........####.#
.....##o..##.# ####
#o#.##.#.# #@#..#.#.#
#h#..#.#.# #.#....#.#
.... #...#..#.# .....
###.##.#.# .....#
#.##...# .....# #####
#.##...# .
.....####.#.######.##.#.#
#. ...................
#.#.# .#..
#.................. ..#.#
...#


You could see Edmund and 2 orcs.

Vanquished Creatures
  An iguana (D:4)
  8 adders
  2 dart slugs
  11 orcs
  3 endoplasms
  A giant cockroach (D:2)
  5 goblins
  5 hobgoblins
  4 jackals (D:1)
  2 quokkas (D:2)
  6 ball pythons
  5 bats
  3 frilled lizards
  5 kobolds
  9 rats
70 creatures vanquished.

Notes
Turn   | Place    | Note
-------+----------+-------------------------------------------
     0 | D:1      | javelincjr the Troll Shapeshifter began the quest for the
                  | Orb.
     0 | D:1      | Reached XP level 1. HP: 18/18 MP: 0/0
    25 | D:1      | Reached skill level 1 in Fighting
   201 | D:1      | Reached XP level 2. HP: 27/27 MP: 1/1
   218 | D:1      | Found a faded altar of an unknown god.
   232 | D:1      | Noticed a great orb of eyes
   234 | D:1      | Noticed a golden eye
   234 | D:1      | Noticed a great orb of eyes
   234 | D:1      | Noticed a floating eye
   792 | D:2      | Reached XP level 3. HP: 33/33 MP: 2/2
  1451 | D:3      | Reached XP level 4. HP: 41/41 MP: 3/3
  1857 | D:3      | Reached skill level 4 in Shapeshifting
  2259 | D:4      | Reached XP level 5. HP: 46/49 MP: 4/4
  2393 | D:4      | Noticed Edmund
  2404 | D:4      | HP: 2/49 [Edmund/+2 flail of venom (6)]
  2405 | D:4      | Succumbed to Edmund's poison

Illustrated notes

Levels and vault maps discovered:
D:1:      tarquinn_simple_flora_water_c, layout_basic,
          hellmonk_ecumenical_altar_watching_god, kennysheep_doodads,
          minivault_27, grunt_decor_one_mirror, minmay_misc_feat_room
D:2:      layout_basic, chequers_arboretum, serial_park_tiny_pond
D:3:      layout_basic, kennysheep_cross_room, minmay_checkerbox
D:4:      layout_basic, uniq_sigmund, uniq_edmund

Skill      XL: |  1  2  3  4  5 |
---------------+----------------+-----
Fighting       | 1 2 |  2.0
Dodging        | 2 |  2.4
Shapeshifting  | 4 |  4.2
Unarmed Combat | |  3.8

Action                     |  1- 3 |  4- 6 || total
---------------------------+-------+-------++-------
  Melee: Unarmed           |    65 |   101 ||   166
         Punch             |     2 |     2 ||     4
    Use: Potion            |       |     2 ||     2
   Stab: Sleeping          |     1 |       ||     1
 Armour: Animal skin       |    26 |    39 ||    65
  Dodge: Dodged            |    19 |    47 ||    66

Table legend: (Time is in decaauts)
 A = Elapsed time spent in this place.
 B = Non-inter-level travel time spent in this place.
 C = Inter-level travel time spent in this place.
 D = Time resting spent in this place.
 E = Time spent auto-exploring this place.
 F = Levels seen in this place.
 G = Mean time per level.
                   A        B        C        D        E       F      G
               +--------+--------+--------+--------+--------+-----+--------+
         Total |   2393 |   2321 |     72 |      0 |   1930 |   4 |  598.2 |
       Dungeon |   2393 |   2321 |     72 |      0 |   1930 |   4 |  598.2 |
               +--------+--------+--------+--------+--------+-----+--------+

Top non-repeatable levels by time:
     D:3: 866 daAuts
     D:1: 781 daAuts
     D:2: 587 daAuts
     D:4: 157 daAuts
